 Dungeon Crawl Stone Soup version 0.19.0-11-g3fc08b3 (webtiles) character file.

47 Jerry the Grave Robber (level 3, 26/26 HPs)
             Began as a Minotaur Necromancer on Nov 9, 2016.
             Quit the game on level 3 of the Dungeon.
             The game lasted 00:07:51 (1754 turns).

Jerry the Grave Robber (Minotaur Necromancer)       Turns: 1754, Time: 00:07:52

Health: 26/26      AC:  3    Str: 12    XL:     3   Next: 48%
Magic:  4/4        EV: 13    Int: 12    God:
Gold:   100        SH:  0    Dex: 14    Spells: 2 memorised, 2 levels left

rFire  . . .     SeeInvis .     p - +3 dagger
rCold  . . .     Gourm    .     t - +1 robe {rN+}
rNeg   + . .     Faith    .     (no shield)
rPois  .         Spirit   .     (helmet restricted)
rElec  .         Reflect  .     (no cloak)
rCorr  .         Harm     .     (no gloves)
MR     .....                    (no boots)
Stlth  ++........               (no amulet)
                                (no ring)
                                i - +3 ring of dexterity

@: no status effects
A: retaliatory headbutt, horns 2
a: no special abilities


You were on level 3 of the Dungeon.
You were not hungry.

You visited 1 branch of the dungeon, and saw 3 of its levels.

You collected 100 gold pieces.

Inventory:

Hand Weapons
 j - a +0 club
 p - a +3 dagger (weapon)
Armour
 t - a +1 robe of positive energy (worn)
Jewellery
 i - a +3 ring of dexterity (left hand)
Scrolls
 e - 2 scrolls of identify {unknown}
 g - 2 scrolls of noise {unknown}
 l - a scroll of remove curse {unknown}
 m - a scroll of teleportation {unknown}
 n - a scroll of immolation {unknown}
 u - a scroll of amnesia {unknown}
Potions
 d - 2 potions of resistance {unknown}
 h - 3 potions of agility {unknown}
 k - a potion of might {unknown}
 q - a potion of lignification {unknown}
 r - 2 potions of heal wounds {unknown}
 s - 4 potions of curing {unknown}
Books
 b - a book of Necromancy

   Spells                             Type                      Level
   a - Pain                           Necromancy                   1
   b - Animate Skeleton               Necromancy                   1
   c - Vampiric Draining              Necromancy                   3
   d - Regeneration                   Charms/Necromancy            3
   e - Animate Dead                   Necromancy                   4
   f - Control Undead                 Necromancy                   4
Comestibles
 c - 3 bread rations
 f - a meat ration
 o - a beef jerky


   Skills:
 + Level 3.0 Dodging
 + Level 2.2 Stealth
 - Level 1.3 Spellcasting
 + Level 3.4 Necromancy


You had 2 spell levels left.
You knew the following spells:

 Your Spells              Type           Power        Failure   Level  Hunger
a - Pain                  Necr           #...         10%         1    ##.....
b - Animate Skeleton      Necr           N/A          10%         1    ##.....


Dungeon Overview and Level Annotations

Branches:
Dungeon (3/15)

Altars:
Makhleb
Zin


Innate Abilities, Weirdness & Mutations

You reflexively headbutt those who attack you in melee.
You have a pair of horns on your head.


Message History

Found a ring mail.
You now have 100 gold pieces (gained 16).
You see here a ring mail.
s - 4 fizzy ruby potions (gained 2) Done exploring.
Done exploring.
Search for what [? for help]? .
(D) Dungeon
Where to? (Enter - D:2, ? - help)
What level of the Dungeon? (default 1, ? - help)
You swap places.
There is a stone staircase leading down here.
You climb downwards.
There is a stone staircase leading up here.
A hobgoblin comes into view.
Casting: Animate Skeleton
Confirm with . or Enter, or press ? or * to list all spells.
Okay, then.
Okay, then.
Are you sure you want to abandon this character and quit the game? (Confirm with "yes".)

#...g.# #.....#
#.....## ......#
?.....# #.....#
##########.....#
#.........@....#
#..............#
#..............#
#.<........#####
############


You could see a hobgoblin (sleeping).

Vanquished Creatures
  An adder (D:2)
  A worm (D:2)
  A dart slug (D:2)
  A leopard gecko (D:2)
  3 bats
  A giant cockroach (D:1)
  4 goblins
  8 hobgoblins
  5 frilled lizards
  A kobold (D:2)
  3 rats (D:1)
29 creatures vanquished.

Vanquished Creatures (collateral kills)
  A giant cockroach (D:1)
1 creature vanquished.

Grand Total: 30 creatures vanquished

Notes
Turn   | Place    | Note
-------+----------+-------------------------------------------
     0 | D:1      | Jerry the Minotaur Necromancer began the quest for the Orb.
     0 | D:1      | Reached XP level 1. HP: 14/14 MP: 1/1
     2 | D:1      | Learned a level 1 spell: Animate Skeleton
   165 | D:1      | Reached XP level 2. HP: 20/20 MP: 3/3
   974 | D:2      | Reached XP level 3. HP: 20/26 MP: 4/4
  1131 | D:2      | Found a burning altar of Makhleb.
  1133 | D:2      | Noticed an Executioner
  1135 | D:2      | Found a glowing silver altar of Zin.
  1135 | D:2      | Noticed an angel
  1754 | D:3      | Quit the game

Skill      XL: |  1  2  3 |
---------------+----------+-----
Necromancy     | 3 |  3.4
Stealth        | 2 |  2.2
Dodging        | 3 |  3.0
Spellcasting   | |  1.3

Action                   || total
-------------------------++-------
Melee: Club              ||    24
       Headbutt          ||    12
       Unarmed           ||     1
       Dagger            ||    56
 Cast: Animate Skeleton  ||     9
 Stab: Sleeping          ||     4
  Eat: Chunk             ||     3
Armor: Robe              ||     8
Dodge: Dodged            ||    63
